NCAA
OHIO STATE BUCKEYES @ KANSAS JAYHAWKS
04/21/2029
 
TOP OF THE 1ST
Ohio State Buckeyes batting - Pitching for Kansas Jayhawks : RHP Mike Kaiser
Pitching: RHP Mike Kaiser
Batting: RHB Tommy Miller 0-0: Ball
1-0: Ball
2-0: Called Strike
2-1: Ball
3-1: Fly out, F7 (Flyball, 7S)
Batting: RHB Dale Hernández 0-0: Called Strike
0-1: Ball
1-1: Foul Ball, location: 2F
1-2: Foul Ball, location: 2F
1-2: Foul Ball, location: 2F
1-2: Ball
2-2: Ball
3-2: DOUBLE (Flyball, 89XD) - OUT at third base trying to stretch hit.
Batting: LHB Josh Armstrong 0-0: Ball
1-0: Called Strike
1-1: Swinging Strike
1-2: Ball
2-2: Strikes out swinging
Top of the 1st over - 0 runs, 1 hit, 0 errors, 0 left on base; Ohio State 0 - Kansas 0
BOTTOM OF THE 1ST
Kansas Jayhawks batting - Pitching for Ohio State Buckeyes : RHP Joe Jackson
Pitching: RHP Joe Jackson
Batting: RHB Félix Chávez 0-0: Ball
1-0: Ball
2-0: Called Strike
2-1: SINGLE (Groundball, 34D)
Batting: SHB Herb Mitchell 0-0: Called Strike
0-1: Swinging Strike
0-2: Ball
1-2: Strikes out looking
Batting: LHB Tony Ríos 0-0: Ball
1-0: Foul Ball, location: 2F
1-1: Ball
2-1: Called Strike
2-2: Strikes out swinging
Batting: LHB Jason Rogers 0-0: Ball
1-0: Ground out 4-3 (Groundball, 34)
Bottom of the 1st over - 0 runs, 1 hit, 0 errors, 1 left on base; Ohio State 0 - Kansas 0
TOP OF THE 2ND
Ohio State Buckeyes batting - Pitching for Kansas Jayhawks : RHP Mike Kaiser
Batting: RHB Jeff Peterson 0-0: Ground out 5-3 (Groundball, 56S)
Batting: LHB Kenneth Key 0-0: Ball
1-0: Called Strike
1-1: Foul Ball, location: 2F
1-2: Ball
2-2: Foul Ball, location: 2F
2-2: Ball
3-2: Foul Ball, location: 2F
3-2: Ground out 4-3 (Groundball, 34D)
Batting: RHB Ollie Buchanan 0-0: Foul Ball, location: 2F
0-1: Ball
1-1: Foul Ball, location: 2F
1-2: Strikes out looking
Top of the 2nd over - 0 runs, 0 hits, 0 errors, 0 left on base; Ohio State 0 - Kansas 0
BOTTOM OF THE 2ND
Kansas Jayhawks batting - Pitching for Ohio State Buckeyes : RHP Joe Jackson
Batting: RHB Peyton Ryan 0-0: Ball
1-0: Foul Ball, location: 2F
1-1: Ball
2-1: Ball
3-1: Foul Ball, location: 2F
3-2: SOLO HOME RUN (Flyball, 7D), Distance : 360 ft
Batting: RHB Sidney Gilbert 0-0: Called Strike
0-1: Ground out 6-3 (Groundball, 6M)
Batting: LHB Daniel Miller 0-0: Called Strike
0-1: Ball
1-1: Foul Ball, location: 2F
1-2: Ball
2-2: Foul Ball, location: 2F
2-2: Ball
3-2: Strikes out swinging
Batting: LHB José Pueblo 0-0: SOLO HOME RUN (Flyball, 78XD), Distance : 371 ft
Batting: RHB William Haas 0-0: Fly out, F2 (Popup, 23F)
Bottom of the 2nd over - 2 runs, 2 hits, 0 errors, 0 left on base; Ohio State 0 - Kansas 2
TOP OF THE 3RD
Ohio State Buckeyes batting - Pitching for Kansas Jayhawks : RHP Mike Kaiser
Batting: RHB Pat Dwyer 0-0: Fly out, F8 (Flyball, 78D)
Batting: SHB Kevin Scott 0-0: Ball
1-0: DOUBLE (Line Drive, 8LD)
Batting: LHB Luis Antonio Cortéz 0-0: Ball
1-0: Ball
2-0: Called Strike
2-1: SINGLE (Groundball, 6MS) (infield hit)
Kevin Scott to third
Batting: RHB Tommy Miller 0-0: Ball
1-0: Called Strike
1-1: SINGLE (Line Drive, 4)
Kevin Scott scores
Luis Antonio Cortéz to second
Batting: RHB Dale Hernández 0-0: Called Strike
0-1: Ball
1-1: Swinging Strike
1-2: Grounds into double play, 6-4-3 (Groundball, 6)
Top of the 3rd over - 1 run, 3 hits, 0 errors, 1 left on base; Ohio State 1 - Kansas 2
BOTTOM OF THE 3RD
Kansas Jayhawks batting - Pitching for Ohio State Buckeyes : RHP Joe Jackson
Batting: RHB Félix Chávez 0-0: Hit by Pitch
Pinch Runner at 1st Julius Shelton:
Batting: SHB Herb Mitchell 0-0: Grounds into double play, 4-6-3 (Groundball, 4)
Batting: LHB Tony Ríos 0-0: Ball
1-0: Called Strike
1-1: Swinging Strike
1-2: Ball
2-2: Foul Ball, location: 2F
2-2: Ball
3-2: Base on Balls
Batting: LHB Jason Rogers 0-0: Swinging Strike
0-1: Ball
1-1: SINGLE (Groundball, 6MD)
Tony Ríos to second
Batting: RHB Peyton Ryan 0-0: Ball
1-0: Called Strike
1-1: 3-RUN HOME RUN (Flyball, 7LD), Distance : 328 ft
Batting: RHB Sidney Gilbert 0-0: Ground out 5-3 (Groundball, 56)
Bottom of the 3rd over - 3 runs, 2 hits, 0 errors, 0 left on base; Ohio State 1 - Kansas 5
TOP OF THE 4TH
Ohio State Buckeyes batting - Pitching for Kansas Jayhawks : RHP Mike Kaiser
Now in CF: Julius Shelton
Batting: LHB Josh Armstrong 0-0: Ball
1-0: Called Strike
1-1: Ball
2-1: Swinging Strike
2-2: Fly out, F7 (Flyball, 7)
Batting: RHB Jeff Peterson 0-0: Ball
1-0: Called Strike
1-1: Foul Ball, location: 2F
1-2: Ball
2-2: Ball
3-2: Ground out 6-3 (Groundball, 6)
Batting: LHB Kenneth Key 0-0: Ball
1-0: DOUBLE (Flyball, 8LD)
Batting: RHB Ollie Buchanan 0-0: Ball
1-0: Called Strike
1-1: SINGLE (Groundball, 34D)
Kenneth Key to third
Runner from 3rd tries for Home, SAFE, throw made home
Batting: RHB Pat Dwyer 0-0: Ball
1-0: Ground out U3 (Groundball, 3)
Top of the 4th over - 1 run, 2 hits, 0 errors, 1 left on base; Ohio State 2 - Kansas 5
BOTTOM OF THE 4TH
Kansas Jayhawks batting - Pitching for Ohio State Buckeyes : RHP Joe Jackson
Batting: LHB Daniel Miller 0-0: Ball
1-0: Ground out 5-3 (Groundball, 5L)
Batting: LHB José Pueblo 0-0: Ball
1-0: Foul Ball, location: 2F
1-1: Ball
2-1: Ground out 4-3 (Groundball, 4)
Batting: RHB William Haas 0-0: Called Strike
0-1: Ball
1-1: Foul Ball, location: 2F
1-2: Strikes out swinging
Bottom of the 4th over - 0 runs, 0 hits, 0 errors, 0 left on base; Ohio State 2 - Kansas 5
TOP OF THE 5TH
Ohio State Buckeyes batting - Pitching for Kansas Jayhawks : RHP Mike Kaiser
Batting: SHB Kevin Scott 0-0: Ball
1-0: Ground out 4-3 (Groundball, 4M)
Batting: LHB Luis Antonio Cortéz 0-0: Ball
1-0: Called Strike
1-1: Ball
2-1: Foul Ball, location: 2F
2-2: Strikes out swinging
Batting: RHB Tommy Miller 0-0: Ball
1-0: Foul Ball, location: 2F
1-1: Fly out, F7 (Line Drive, 78M)
Top of the 5th over - 0 runs, 0 hits, 0 errors, 0 left on base; Ohio State 2 - Kansas 5
BOTTOM OF THE 5TH
Kansas Jayhawks batting - Pitching for Ohio State Buckeyes : RHP Joe Jackson
Batting: RHB Julius Shelton 0-0: Ball
1-0: Ball
2-0: Ground out 4-3 (Groundball, 4)
Batting: SHB Herb Mitchell 0-0: Ball
1-0: Called Strike
1-1: Ground out 6-3 (Groundball, 6)
Batting: LHB Tony Ríos 0-0: Called Strike
0-1: Ball
1-1: Foul Ball, location: 2F
1-2: Ball
2-2: Foul Ball, location: 2F
2-2: Ball
3-2: Base on Balls
Batting: LHB Jason Rogers 0-0: Called Strike
0-1: Ball
1-1: Ball
2-1: Foul Ball, location: 2F
2-2: Ball
3-2: Foul Ball, location: 2F
3-2: Strikes out swinging
Bottom of the 5th over - 0 runs, 0 hits, 0 errors, 1 left on base; Ohio State 2 - Kansas 5
TOP OF THE 6TH
Ohio State Buckeyes batting - Pitching for Kansas Jayhawks : RHP Mike Kaiser
Batting: RHB Dale Hernández 0-0: Called Strike
0-1: Ball
1-1: Ball
2-1: Swinging Strike
2-2: Strikes out swinging
Batting: LHB Josh Armstrong 0-0: Called Strike
0-1: Fly out, F8 (Flyball, 8RXD)
Batting: RHB Jeff Peterson 0-0: Ball
1-0: Ball
2-0: Called Strike
2-1: Foul Ball, location: 2F
2-2: Ball
3-2: Base on Balls
Pitching: RHP Garth Zapata
Batting: LHB Kenneth Key 0-0: Ball
1-0: Ball
2-0: Hit by Pitch
Jeff Peterson to second
Batting: RHB Ollie Buchanan 0-0: Called Strike
0-1: Ball
1-1: Foul Ball, location: 2F
1-2: Ball
2-2: Ball
3-2: Foul Ball, location: 2F
3-2: Base on Balls
Jeff Peterson to third
Kenneth Key to second
Batting: RHB Pat Dwyer 0-0: Called Strike
0-1: Swinging Strike
0-2: Hit by Pitch
Jeff Peterson scores
Kenneth Key to third
Ollie Buchanan to second
Batting: SHB Kevin Scott 0-0: Called Strike
0-1: Ball
1-1: Foul Ball, location: 2F
1-2: Strikes out swinging
Top of the 6th over - 1 run, 0 hits, 0 errors, 3 left on base; Ohio State 3 - Kansas 5
BOTTOM OF THE 6TH
Kansas Jayhawks batting - Pitching for Ohio State Buckeyes : RHP Joe Jackson
Batting: RHB Peyton Ryan 0-0: Ball
1-0: Ball
2-0: Ball
3-0: Called Strike
3-1: Foul Ball, location: 2F
3-2: Foul Ball, location: 2F
3-2: Foul Ball, location: 2F
3-2: Base on Balls
Pitching: RHP Leonardo Gutiérrez
Batting: RHB Sidney Gilbert 0-0: Ball
1-0: Called Strike
1-1: Swinging Strike
1-2: Foul Ball, location: 2F
1-2: Strikes out swinging
Batting: LHB Daniel Miller 0-0: Ball
1-0: Foul Ball, location: 2F
1-1: Ball
2-1: Foul Ball, location: 2F
2-2: Strikes out swinging
Batting: LHB José Pueblo 0-0: Called Strike
0-1: Foul Ball, location: 2F
0-2: Strikes out looking
Bottom of the 6th over - 0 runs, 0 hits, 0 errors, 1 left on base; Ohio State 3 - Kansas 5
TOP OF THE 7TH
Ohio State Buckeyes batting - Pitching for Kansas Jayhawks : RHP Garth Zapata
Batting: LHB Luis Antonio Cortéz 0-0: Called Strike
0-1: Ball
1-1: Foul Ball, location: 2F
1-2: Foul Ball, location: 2F
1-2: Ball
2-2: Foul Ball, location: 2F
2-2: Strikes out looking
Batting: RHB Tommy Miller 0-0: Ground out 6-3 (Groundball, 6)
Batting: RHB Dale Hernández 0-0: Called Strike
0-1: Called Strike
0-2: Ball
1-2: Ball
2-2: Ball
3-2: Foul Ball, location: 2F
3-2: Base on Balls
Batting: LHB Josh Armstrong 0-0: Ball
1-0: Fly out, F7 (Flyball, 78S)
Top of the 7th over - 0 runs, 0 hits, 0 errors, 1 left on base; Ohio State 3 - Kansas 5
BOTTOM OF THE 7TH
Kansas Jayhawks batting - Pitching for Ohio State Buckeyes : RHP Leonardo Gutiérrez
Batting: RHB William Haas 0-0: Fly out, F4 (Line Drive, 4)
Batting: RHB Julius Shelton 0-0: Called Strike
0-1: Foul Ball, location: 2F
0-2: Ball
1-2: SINGLE (Groundball, 6MD)
Batting: SHB Herb Mitchell 0-0: Hit by Pitch
Julius Shelton to second
Batting: LHB Tony Ríos 0-0: Called Strike
0-1: Ball
1-1: Foul Ball, location: 2F
1-2: SINGLE (Flyball, 9S)
Julius Shelton to third
Herb Mitchell to second
Runner from 3rd tries for Home, SAFE, no throw
Batting: LHB Jason Rogers 0-0: Ball
1-0: Ball
2-0: Called Strike
2-1: Swinging Strike
2-2: Strikes out swinging
Batting: RHB Peyton Ryan 0-0: Ball
1-0: Ball
2-0: Foul Ball, location: 2F
2-1: Ball
3-1: Base on Balls
Herb Mitchell to third
Tony Ríos to second
Batting: RHB Sidney Gilbert 0-0: Ball
1-0: Foul Ball, location: 2F
1-1: Foul Ball, location: 2F
1-2: Foul Ball, location: 2F
1-2: Fly out, F7 (Flyball, 78M)
Bottom of the 7th over - 1 run, 2 hits, 0 errors, 3 left on base; Ohio State 3 - Kansas 6
TOP OF THE 8TH
Ohio State Buckeyes batting - Pitching for Kansas Jayhawks : RHP Garth Zapata
Batting: RHB Jeff Peterson 0-0: Ball
1-0: Called Strike
1-1: Ball
2-1: Called Strike
2-2: Strikes out looking
Batting: LHB Kenneth Key 0-0: Called Strike
0-1: Ball
1-1: SINGLE (Groundball, 34D)
Batting: RHB Ollie Buchanan 0-0: DOUBLE (Line Drive, 89S)
Kenneth Key to third
Batting: RHB Pat Dwyer 0-0: Ball
1-0: Swinging Strike
1-1: Called Strike
1-2: Foul Ball, location: 2F
1-2: Strikes out swinging
Batting: SHB Kevin Scott 0-0: Called Strike
0-1: Ground out 6-3 (Groundball, 6M)
Top of the 8th over - 0 runs, 2 hits, 0 errors, 2 left on base; Ohio State 3 - Kansas 6
BOTTOM OF THE 8TH
Kansas Jayhawks batting - Pitching for Ohio State Buckeyes : RHP Leonardo Gutiérrez
Batting: LHB Daniel Miller 0-0: Ground out 6-3 (Groundball, 6)
Batting: LHB José Pueblo 0-0: Foul Ball, location: 2F
0-1: Called Strike
0-2: Strikes out swinging
Batting: RHB William Haas 0-0: Ball
1-0: Swinging Strike
1-1: Called Strike
1-2: Strikes out looking
Bottom of the 8th over - 0 runs, 0 hits, 0 errors, 0 left on base; Ohio State 3 - Kansas 6
TOP OF THE 9TH
Ohio State Buckeyes batting - Pitching for Kansas Jayhawks : RHP Garth Zapata
Pitching: RHP Greg McKee
Batting: LHB Luis Antonio Cortéz 0-0: Ball
1-0: Called Strike
1-1: Ball
2-1: Ball
3-1: Base on Balls
Batting: RHB Tommy Miller 0-0: Ball
1-0: Swinging Strike
1-1: Called Strike
1-2: Strikes out swinging
Batting: RHB Dale Hernández 0-0: Ball
1-0: Ball
2-0: Swinging Strike
2-1: Ball
3-1: Called Strike
3-2: Strikes out looking
Luis Antonio Cortéz steals 2nd base
Batter strikes out.
Batting: LHB Josh Armstrong 0-0: Foul Ball, location: 2F
0-1: Fly out, F7 (Flyball, 7)
Top of the 9th over - 0 runs, 0 hits, 0 errors, 1 left on base; Ohio State 3 - Kansas 6
Saturday, December 16th, 2017 - OOTP Baseball 18.8 Build 76